 Dungeon Crawl Stone Soup version 0.20-a0-642-g4ff03ff (webtiles) character file.

1677 Messajah the Archer (level 8, -3/61 HPs)
             Began as a Centaur Hunter on Feb 14, 2017.
             Was an Initiate of Okawaru.
             Slain by a centaur (8 damage)
             ... on level 6 of the Dungeon.
             The game lasted 00:27:51 (6960 turns).

Messajah the Archer (Centaur Hunter)                Turns: 6960, Time: 00:27:52

Health: -3/61      AC:  8    Str: 17    XL:     8   Next: 70%
Magic:  17/17      EV:  7    Int: 10    God:    Okawaru [......]
Gold:   384        SH:  0    Dex: 10    Spells: 7/7 levels left

rFire    . . .     SeeInvis .   b - +2 hand axe (flame)
rCold    . . .     Gourm    .   h - +0 scale mail
rNeg     . . .     Faith    .   (no shield)
rPois    .         Spirit   .   (no helmet)
rElec    .         Reflect  .   O - +1 cloak
rCorr    .         Harm     .   (no gloves)
MR       .....                  (no barding)
Stlth    ..........             q - amulet of regeneration
Regen    0.6/turn               (no ring)
MPRegen  0.2/turn               J - ring of magical power

@: very quick
A: hooves 3, deformed body, speed 2, tough skin 3
a: Renounce Religion


You were on level 6 of the Dungeon.
You worshipped Okawaru.
Okawaru was noncommittal.
You were not hungry.

You visited 2 branches of the dungeon, and saw 8 of its levels.

You collected 384 gold pieces.

Inventory:

Hand Weapons
 a - a +1 shortbow
 b - a +2 hand axe of flaming (weapon)
 c - a +0 hunting sling
 w - a +0 short sword
 E - a +0 blowgun
 N - a +1 hand axe of freezing
Missiles
 d - 106 arrows
 e - 46 bolts
 l - 19 sling bullets
 t - 124 stones
 v - 2 throwing nets
 A - 10 tomahawks (quivered)
 B - 5 javelins
 H - 35 poisoned needles
Armour
 h - a +0 scale mail (worn)
 O - a +1 cloak (worn)
Magical Staves
 I - an uncursed staff of energy {unknown}
 U - an uncursed staff of cold {unknown}
Jewellery
 q - an amulet of regeneration (around neck)
 J - a ring of magical power (left hand)
Wands
 S - a wand of polymorph (13/24)
 T - a wand of iceblast (6/15)
 W - a wand of confusion (30/48)
Scrolls
 j - 2 scrolls of noise {unknown}
 k - a scroll of teleportation {unknown}
 m - a scroll of enchant armour {unknown}
 n - 11 scrolls of identify {unknown}
 o - a scroll of remove curse {unknown}
 p - a scroll of recharging {unknown}
 u - 2 scrolls of random uselessness {unknown}
 L - a scroll of brand weapon {unknown}
 M - 2 scrolls of enchant weapon {unknown}
 P - a scroll of magic mapping {unknown}
 Q - 3 scrolls of blinking {unknown}
 R - a scroll of fear {unknown}
 V - a scroll of immolation {unknown}
 Z - 3 scrolls of vulnerability {unknown}
Potions
 g - 5 potions of curing
 r - 2 potions of resistance {unknown}
 s - 2 potions of ambrosia {unknown}
 z - 3 potions of agility {unknown}
 C - 2 potions of mutation {unknown}
 G - a potion of berserk rage {unknown}
 K - a potion of magic {unknown}
 X - a potion of might {unknown}
Books
 y - a book of Misfortune

   Spells                             Type                      Level
   a - Confusing Touch                Hexes                        1
   b - Confuse                        Hexes                        3
   c - Gell's Gravitas                Hexes/Translocation          3
   d - Petrify                        Transmutation/Earth          4
   e - Metabolic Englaciation         Hexes/Ice                    5
   f - Yara's Violent Unravelling     Hexes/Transmutation          5
 D - a book of Misfortune

   Spells                             Type                      Level
   a - Confusing Touch                Hexes                        1
   b - Confuse                        Hexes                        3
   c - Gell's Gravitas                Hexes/Translocation          3
   d - Petrify                        Transmutation/Earth          4
   e - Metabolic Englaciation         Hexes/Ice                    5
   f - Yara's Violent Unravelling     Hexes/Transmutation          5
Comestibles
 f - 4 bread rations
 i - 5 royal jellies
 x - 2 meat rations
 F - 3 fruits
 Y - 3 chunks of flesh


   Skills:
 - Level 2.0 Fighting
 + Level 14.6 Bows
 - Level 1.3 Dodging
 - Level 0.4 Stealth


You had 7 spell levels left.
You didn't know any spells.

Dungeon Overview and Level Annotations

Branches:
Dungeon (7/15)             Temple (1/1) D:6

Altars:
Ashenzari
Cheibriados
Dithmenos
Elyvilon
Fedhas
Gozag
Hepliaklqana
Kikubaaqudgha
Makhleb
Nemelex Xobeh
Okawaru
Qazlal
Ru
Sif Muna
Trog
Uskayaw
Vehumet
Xom
Yredelemnul
Zin
The Shining One


Innate Abilities, Weirdness & Mutations

You have hooves in place of feet.
Armour fits poorly on your strangely shaped body.
You cover ground very quickly.
You have extremely tough skin. (AC +3)


Message History

The centaur hits you.
* * * LOW HITPOINT WARNING * * *
The centaur barely misses you.
The centaur hits you but does no damage.
You hit the centaur. You burn the centaur.
You kick the centaur, but do no damage.
The centaur is heavily wounded.
You hit the centaur. You burn the centaur. The centaur hits you.
* * * LOW HITPOINT WARNING * * *
The centaur hits you.
* * * LOW HITPOINT WARNING * * *
The centaur hits you.
* * * LOW HITPOINT WARNING * * *
The centaur barely misses you.
You hit the centaur but do no damage. Your kick misses the centaur.
The centaur is heavily wounded.
You hit the centaur. You burn the centaur. The centaur hits you.
* * * LOW HITPOINT WARNING * * *
The centaur barely misses you. The centaur hits you!
You die...

.# #.'..>..'.#
.########.#.⌠.⌠.#.#
.##.......#.....#.#
..#.......###+###.#
_.#...............#
..#...........#..##
.##...........#.##
.##...........#c##
.##...........'c@#
###...........####
#...........#
#...........#
####.########
######.# .......#
.####### .#


You could see 2 centaurs.

Vanquished Creatures
  Grinder (D:3)
  An orc warrior (D:6)
  A sky beast (D:5)
  A centaur (D:7)
  3 ogres
  A crocodile (D:7)
  4 bullfrogs (D:6)
  A scorpion (D:7)
  2 howler monkeys
  A hound (D:4)
  2 jellies
  2 orc priests
  An orc wizard (D:6)
  A centaur skeleton (D:6)
  2 iguanas
  2 worker ants
  7 gnolls
  4 adders
  3 shadow imps (D:5)
  An ooze (D:4)
  A dart slug (D:1)
  A leopard gecko (D:4)
  11 orcs
  5 bats
  5 giant cockroaches
  4 goblins
  4 hobgoblins
  16 jackals
  4 kobolds
  4 quokkas
  4 ball pythons
  A ball python skeleton (D:6)
  7 frilled lizards
  3 leopard gecko skeletons
  A leopard gecko zombie (D:6)
  A quokka zombie (D:5)
  7 rats
120 creatures vanquished.

Notes
Turn   | Place    | Note
-------+----------+-------------------------------------------
     0 | D:1      | Messajah the Centaur Hunter began the quest for the Orb.
     0 | D:1      | Reached XP level 1. HP: 17/17 MP: 1/1
    80 | D:1      | Reached XP level 2. HP: 6/24 MP: 2/2
   346 | D:1      | Reached skill level 6 in Bows
  1026 | D:2      | Found a faded altar of an unknown god.
  1272 | D:2      | Reached XP level 3. HP: 22/29 MP: 3/3
  1282 | D:2      | Reached skill level 7 in Bows
  2162 | D:3      | Reached XP level 4. HP: 36/36 MP: 4/4
  2325 | D:3      | Reached skill level 8 in Bows
  2945 | D:3      | Reached XP level 5. HP: 40/41 MP: 5/5
  2993 | D:3      | Noticed Grinder
  3351 | D:3      | Paralysed by Grinder for 3 turns
  3357 | D:3      | Killed Grinder
  3357 | D:3      | Reached skill level 10 in Bows
  3357 | D:3      | Reached XP level 6. HP: 48/48 MP: 6/6
  4106 | D:3      | Reached skill level 11 in Bows
  4106 | D:3      | Reached XP level 7. HP: 48/55 MP: 7/7
  4726 | D:5      | Entered Level 5 of the Dungeon
  4794 | D:5      | Found a burning altar of Makhleb.
  4860 | D:5      | Reached skill level 12 in Bows
  5461 | D:6      | Reached XP level 8. HP: 34/61 MP: 8/8
  5544 | D:6      | Reached skill level 13 in Bows
  5675 | D:6      | Found a staircase to the Ecumenical Temple.
  5681 | Temple   | Entered the Ecumenical Temple
  5822 | Temple   | Became a worshipper of Warmaster Okawaru
  6019 | D:6      | Found a snail-covered altar of Cheibriados.
  6518 | D:7      | Reached skill level 14 in Bows
  6960 | D:6      | Slain by a centaur

Vault maps used:
D:1:      dpeg_arrival_renting
D:2:      chequers_ecumenical_altar_simple, kennysheep_nondescript,
          grunt_decor_resistance, minmay_tromino_v4_b
D:3:      uniq_grinder
D:4:      minmay_opposing_rooms, first_bread, minmay_misc_feat_rugged
D:5:      basic_altar
D:6:      minmay_temple_entry_hall, cheibriados_altar_1
Temple:   roderic_octagonal_lattice_temple

Skill      XL: |  1  2  3  4  5  6  7  8 |
---------------+-------------------------+-----
Bows           | 6 7 8 10 11 12 14 | 14.6
Fighting       | |  2.0
Dodging        | |  1.3
Stealth        | |  0.4

Action                   |  1- 3 |  4- 6 |  7- 9 || total
-------------------------+-------+-------+-------++-------
Melee: Short sword       |    56 |       |       ||    56
       Kick              |    14 |     7 |    32 ||    53
       Hand axe          |    34 |    56 |   174 ||   264
 Fire: Hunting sling     |     8 |       |       ||     8
       Shortbow          |    19 |    58 |    74 ||   151
  Use: Potion            |       |       |     1 ||     1
  Eat: Chunk             |     3 |     5 |     7 ||    15
       Fruit             |       |       |     1 ||     1
Armor: Leather armour    |    17 |       |       ||    17
       Scale mail        |    39 |    42 |   118 ||   199
Dodge: Dodged            |    44 |    32 |    98 ||   174
